 Dungeon Crawl Stone Soup version 0.28-a0-1236-gb25a51b929 (webtiles) character file.

Game seed: 2946994847297316617

9852 Zonian the Zephyrmancer (level 11, -2/54 HPs)
             Began as a Tengu Air Elementalist on Dec 26, 2021.
             Was an Elder of Jiyva.
             Slain by a four-headed hydra (7 damage)
             ... on level 1 of the Lair of Beasts.
             The game lasted 00:23:18 (10282 turns).

Zonian the Zephyrmancer (Tengu Air Elementalist)   Turns: 10282, Time: 00:23:18

Health: -2/54      AC: 11    Str: 13    XL:     11   Next: 53%
Magic:  15/23      EV: 23    Int: 16    God:    Jiyva [****..]
Gold:   74         SH:  8    Dex: 20    Spells: 14/24 levels left

rFire   . . .      SeeInvis .   (no weapon)
rCold   . . .      Faith    .   j - +2 buckler
rNeg    + . .      Spirit   .   l - +2 robe {Archmagi}
rPois   .          Reflect  .   (helmet restricted)
rElec   .          Harm     .   (no cloak)
rCorr   +          Rampage  .   (no gloves)
Will    .....      Archmagi +   (boots unavailable)
Stlth   +++++++...              (no amulet)
HPRegen 1.46/turn               q - ring of positive energy
MPRegen 0.58/turn               (no ring)

@: calling ooze, flying quickly and evasively, quick
A: beak, talons 3, nimble flight, iridescent scales 3, thin skeletal structure
3, mutation resistance 1, gelatinous body 2, pseudopods 1, jelly sensing items
a: Renounce Religion, Oozemancy, Slimify


You were on level 1 of the Lair of Beasts.
You worshipped Jiyva.
Jiyva was greatly pleased with you.
You visited 2 branches of the dungeon, and saw 11 of its levels.

You collected 202 gold pieces.
You spent 128 gold pieces at shops.

Inventory:

Hand Weapons
 b - a +0 hunting sling
 i - the +8 hunting sling "Hodesof" {vorpal, rElec}
   (You found it on level 5 of the Dungeon)

   Any ammunition fired from it inflicts extra damage upon your enemies.
   rElec:     It insulates you from electricity.
Missiles
 m - a throwing net
Armour
 a - a +0 robe
 j - a +2 buckler (worn)
 l - a +2 robe of the Archmagi (worn)
Jewellery
 h - an amulet of faith
 n - a ring of resist corrosion
 q - a ring of positive energy (left hand)
Wands
 d - a wand of iceblast (5)
 t - a wand of paralysis (6)
Scrolls
 k - a scroll of magic mapping
 o - a scroll of fear
 r - a scroll of enchant weapon {unknown}
 s - a scroll of blinking
Potions
 c - a potion of haste {unknown}
 e - 8 potions of curing
 f - a potion of lignification
 g - a potion of might {unknown}
 p - 3 potions of brilliance {unknown}
 u - a potion of flight {unknown}
 v - 3 potions of heal wounds


   Skills:
 + Level 8.8 Dodging
 + Level 8.8 Stealth
 - Level 4.0 Shields
 + Level 7.3 Spellcasting
 + Level 10.2 Conjurations
 + Level 10.9 Air Magic


You had 14 spell levels left.
You knew the following spells:

 Your Spells              Type           Power      Damage    Failure   Level
a - Shock                 Conj/Air       100%       1d9       1%          1
b - Static Discharge      Conj/Air       56%        N/A       1%          2
c - Swiftness             Air            57%        N/A       1%          3
d - Airstrike             Air            28%        N/A       1%          4

Your spell library contained the following spells:

 Spells                   Type           Power      Damage    Failure   Level
 Ozocubu's Armour         Ice            8%         N/A       34%         3
 Metabolic Englaciation   Hex/Ice        4%         N/A       97%         5
 Simulacrum               Ice/Necr       4%         N/A       100%        6


Dungeon Overview and Level Annotations

Branches:
Dungeon (10/15)            Temple (0/1) D:6            Lair (1/6) D:10
    Orc (0/2) D:9

Altars:
Ashenzari
Elyvilon
Fedhas
Makhleb
Nemelex Xobeh
Qazlal
Sif Muna
Beogh
Jiyva

Shops:
D:10 !

Annotations:
D:4 3 runed translucent doors, ThrustWizard's ghost, amateur DsGl


Innate Abilities, Weirdness & Mutations

You have a beak for a mouth.
You have claws for feet.
Your magical nature lets you fly swiftly and evasively.
You are completely covered in iridescent scales. (AC +6)
You have an unnaturally thin skeletal structure. (Dex +6, Stealth+++)
You are somewhat resistant to further mutation.
Your pliable body absorbs attacks. (AC +2, EV +2)
Armour fits poorly on your pseudopods.
You have a small jelly attached to you that senses nearby items.


Message History

Casting: Static Discharge (safe; 1% risk of failure)
Confirm with . or Enter, or press ? or * to list all spells.
You feel a surge of power!
The four-headed hydra is struck by an arc of lightning!
The four-headed hydra is heavily wounded.
The bullfrog is struck by an arc of lightning.
The bullfrog is almost dead.
The four-headed hydra is struck by an arc of lightning.
The four-headed hydra is heavily wounded.
The lightning grounds out.
The wall burns the bullfrog!
You kill the bullfrog!
The walls burn the four-headed hydra!
You block the four-headed hydra's attack.
The four-headed hydra bites you. The four-headed hydra bites you!
The four-headed hydra bites you.
Casting: Static Discharge (safe; 1% risk of failure)
Confirm with . or Enter, or press ? or * to list all spells.
You feel a surge of power!
The four-headed hydra is struck by an arc of lightning!
The four-headed hydra is severely wounded.
You are struck by an arc of lightning.
The lightning grounds out.
The walls burn the four-headed hydra!
The four-headed hydra bites you!
The four-headed hydra closely misses you. x2
The four-headed hydra barely misses you.
Unknown command.
Casting: Static Discharge (safe; 1% risk of failure)
Confirm with . or Enter, or press ? or * to list all spells.
You feel a surge of power!
The four-headed hydra is struck by an arc of lightning.
The four-headed hydra is almost dead.
You are struck by an arc of lightning.
The four-headed hydra is struck by an arc of lightning.
The four-headed hydra is almost dead.
The lightning grounds out.
The walls burn the four-headed hydra!
The four-headed hydra bites you!
* * * LOW HITPOINT WARNING * * *
The four-headed hydra barely misses you.
You block the four-headed hydra's attack.
The four-headed hydra bites you!
You die...

..##.#....#####
...............
...............
..^............
.........(.....
#P<..# #....#
##D.## #@.#
#..P# #..##
P..# ∆ ...#
#P..# ##...
#...


You could see a four-headed hydra.

Vanquished Creatures
  An ogre mage (D:9)
  7 two-headed ogres
  Pikel (D:5)
  A hornet (D:8)
  4 yaks (D:10)
  A wraith (D:9)
  A steam dragon (D:8)
  A water moccasin (D:8)
  A two-headed ogre zombie (D:9)
  2 sky beasts
  A hornet zombie (D:5)
  A necrophage (D:4)
  12 ogres
  A centaur (D:6)
  3 lemures (D:5)
  4 bullfrogs
  A gnoll sergeant (D:9)
  2 scorpions
  4 killer bees (D:6)
  A troll zombie (D:9)
  3 wights (D:9)
  9 howler monkeys
  4 centaur zombies
  A bullfrog zombie (D:6)
  2 iguanas (D:6)
  7 orc wizards
  3 ogre zombies (D:9)
  8 gnolls
  A howler monkey skeleton (D:7)
  4 adders
  A white imp (D:5)
  An adder skeleton (D:4)
  A worm (D:2)
  A dart slug (D:1)
  12 orcs
  2 giant cockroaches
  4 goblins
  2 hobgoblins (D:1)
  2 quokkas
  2 ball pythons (D:2)
  3 bats
  3 frilled lizards
  A goblin skeleton (D:9)
  2 goblin zombies (D:9)
  A hobgoblin zombie (D:9)
  3 kobolds
  2 orc skeletons (D:9)
  17 orc zombies (D:9)
  2 rats (D:1)
154 creatures vanquished.

Vanquished Creatures (collateral kills)
  2 shadows (D:9)
  2 troll zombies (D:9)
  An orc priest (D:9)
  An ogre zombie (D:9)
  An orc zombie (D:9)
7 creatures vanquished.

Vanquished Creatures (others)
  A yak (D:10)
  A steam dragon (D:7)
  An ice beast (D:8)
  3 ogres (D:9)
  4 wights (D:9)
  28 jellies
  A centaur zombie (D:9)
  A hound (D:6)
  Crazy Yiuf (D:3)
  An orc priest (D:9)
  A bullfrog skeleton (D:7)
  2 orc wizards
  4 gnolls (D:9)
  An adder (D:3)
  2 worms
  A dart slug (D:3)
  An endoplasm (D:4)
  3 orcs
  2 giant cockroaches
  A goblin (D:3)
  A kobold (D:2)
  4 ball pythons
  4 bats
  A hobgoblin zombie (D:9)
  6 rats
  3 fungi
  10 plants
89 creatures vanquished.

Grand Total: 250 creatures vanquished

Notes
Turn   | Place    | Note
-------+----------+-------------------------------------------
     0 | D:1      | Zonian the Tengu Air Elementalist began the quest for the
                  | Orb.
     0 | D:1      | Reached XP level 1. HP: 10/10 MP: 4/4
   150 | D:1      | Found a faded altar of an unknown god.
   163 | D:1      | Reached XP level 2. HP: 10/15 MP: 6/6
   180 | D:1      | Prayed at the altar of an unknown god.
   180 | D:1      | Became a worshipper of Jiyva Jebbeoss the Shapeless
   180 | D:1      | Reached * piety under Jiyva
   607 | D:1      | Reached ** piety under Jiyva
  1109 | D:2      | Learned a level 2 spell: Static Discharge
  1283 | D:2      | Reached XP level 3. HP: 19/19 MP: 5/7
  1334 | D:2      | Reached *** piety under Jiyva
  1456 | D:2      | Gained mutation: Your rubbery body absorbs attacks. (AC +1,
                  | EV +1) [Jiyva's grace]
  1456 | D:2      | Gained mutation: Your pliable body absorbs attacks. (AC +2,
                  | EV +2) [Jiyva's grace]
  1456 | D:2      | Gained mutation: Your gelatinous body deflects attacks. (AC
                  | +3, EV +3) [Jiyva's grace]
  1456 | D:2      | Gained mutation: You are somewhat resistant to further
                  | mutation. [Jiyva's grace]
  1926 | D:3      | Reached XP level 4. HP: 21/24 MP: 3/8
  2238 | D:3      | Reached **** piety under Jiyva
  2693 | D:3      | Found a runed translucent door.
  2694 | D:3      | Noticed Crazy Yiuf
  2894 | D:3      | Killed Crazy Yiuf
  3205 | D:4      | Found a runed translucent gate.
  3218 | D:4      | Reached skill level 5 in Air Magic
  3218 | D:4      | Gained mutation: Your magical nature lets you fly swiftly
                  | and evasively. [Tengu growth]
  3218 | D:4      | Reached XP level 5. HP: 18/28 MP: 3/10
  3222 | D:4      | Learned a level 3 spell: Swiftness
  3233 | D:4      | Noticed ThrustWizard's ghost (amateur DsGl)
  3236 | D:4      | Found a runed translucent gate.
  3236 | D:4      | Found a runed translucent gate.
  3241 | D:4      | Reached ***** piety under Jiyva
  3323 | D:4      | Reached XP level 6. HP: 20/32 MP: 6/11
  3453 | D:4      | Gained mutation: You are partially covered in iridescent
                  | scales. (AC +2) [Jiyva's grace]
  3453 | D:4      | Gained mutation: You are mostly covered in iridescent
                  | scales. (AC +4) [Jiyva's grace]
  3453 | D:4      | Gained mutation: You are completely covered in iridescent
                  | scales. (AC +6) [Jiyva's grace]
  3453 | D:4      | Gained mutation: You have acidic saliva. [Jiyva's grace]
  3554 | D:4      | Noticed a necrophage
  3577 | D:4      | Killed a necrophage
  3836 | D:5      | Entered Level 5 of the Dungeon
  3940 | D:5      | Reached XP level 7. HP: 36/36 MP: 10/13
  4006 | D:5      | Identified the +8 hunting sling "Hodesof" {vorpal, rElec}
  4116 | D:5      | Noticed Pikel
  4134 | D:5      | Killed Pikel
  4135 | D:5      | Reached skill level 5 in Conjurations
  4135 | D:5      | Reached XP level 8. HP: 41/41 MP: 6/15
  4398 | D:6      | Reached skill level 5 in Dodging
  4416 | D:6      | Found a stormy altar of Qazlal.
  4424 | D:6      | Found a shimmering blue altar of Sif Muna.
  4431 | D:6      | Found a blossoming altar of Fedhas.
  4438 | D:6      | Found a white marble altar of Elyvilon.
  4445 | D:6      | Reached skill level 5 in Stealth
  4451 | D:6      | Found a broken altar of Ashenzari.
  4459 | D:6      | Found a sparkling altar of Nemelex Xobeh.
  4464 | D:6      | Found a burning altar of Makhleb.
  4569 | D:6      | Found a staircase to the Ecumenical Temple.
  4769 | D:6      | Learned a level 4 spell: Airstrike
  5042 | D:6      | Found a glowing drain.
  5282 | D:7      | Reached skill level 1 in Shields
  5282 | D:7      | Reached XP level 9. HP: 45/45 MP: 17/17
  5695 | D:7      | Lost mutation: You have acidic saliva. [Jiyva's grace]
  5695 | D:7      | Gained mutation: Armour fits poorly on your pseudopods.
                  | [Jiyva's grace]
  5695 | D:7      | Gained mutation: Armour fits poorly on your large
                  | pseudopods. [Jiyva's grace]
  5695 | D:7      | Gained mutation: Armour fits poorly on your massive
                  | pseudopods. [Jiyva's grace]
  5695 | D:7      | Gained mutation: You have a somewhat thin skeletal
                  | structure. (Dex +2, Stealth+) [Jiyva's grace]
  5916 | D:8      | Noticed a hornet
  5922 | D:8      | Killed a hornet
  5923 | D:8      | Reached skill level 5 in Spellcasting
  6198 | D:8      | Noticed a two-headed ogre
  6204 | D:8      | Slimified a two-headed ogre
  6204 | D:8      | Noticed an azure jelly
  6204 | D:8      | a two-headed ogre changed into an azure jelly
  6569 | D:9      | Found a staircase to the Orcish Mines.
  6961 | D:9      | Reached XP level 10. HP: 50/50 MP: 19/19
  7453 | D:9      | Noticed a two-headed ogre
  7453 | D:9      | Noticed a two-headed ogre
  7455 | D:9      | Noticed a two-headed ogre
  7461 | D:9      | Killed a two-headed ogre
  7465 | D:9      | Killed a two-headed ogre
  7490 | D:9      | Killed a two-headed ogre
  7595 | D:9      | Noticed a two-headed ogre
  7605 | D:9      | Killed a two-headed ogre
  7606 | D:9      | Reached skill level 10 in Air Magic
  7606 | D:9      | Reached XP level 11. HP: 54/54 MP: 15/22
  7630 | D:9      | Noticed an ogre mage
  7641 | D:9      | Killed an ogre mage
  7799 | D:9      | Noticed a two-headed ogre
  8331 | D:9      | Killed a two-headed ogre
  8344 | D:9      | Noticed a two-headed ogre
  8781 | D:9      | Killed a two-headed ogre
  9352 | D:10     | Entered Level 10 of the Dungeon
  9479 | D:10     | Found a staircase to the Lair.
  9580 | D:10     | Reached skill level 10 in Conjurations
  9646 | D:10     | Lost mutation: You have a somewhat thin skeletal structure.
                  | (Dex +2, Stealth+) [Jiyva's grace]
  9646 | D:10     | Lost mutation: Your gelatinous body deflects attacks. (AC
                  | +3, EV +3) [Jiyva's grace]
  9646 | D:10     | Lost mutation: Armour fits poorly on your massive
                  | pseudopods. [Jiyva's grace]
  9646 | D:10     | Lost mutation: Armour fits poorly on your large pseudopods.
                  | [Jiyva's grace]
  9646 | D:10     | Gained mutation: You have a somewhat thin skeletal
                  | structure. (Dex +2, Stealth+) [Jiyva's grace]
  9646 | D:10     | Gained mutation: You have a moderately thin skeletal
                  | structure. (Dex +4, Stealth++) [Jiyva's grace]
  9646 | D:10     | Gained mutation: You have an unnaturally thin skeletal
                  | structure. (Dex +6, Stealth+++) [Jiyva's grace]
  9646 | D:10     | Gained mutation: You have a small jelly attached to you
                  | that senses nearby items. [Jiyva's grace]
  9704 | D:10     | Found Meder's Distillery.
  9710 | D:10     | Bought a potion of heal wounds for 80 gold pieces
  9710 | D:10     | Bought a potion of curing for 48 gold pieces
  9789 | D:10     | Noticed a two-headed ogre
  9802 | D:10     | Killed a two-headed ogre
 10273 | Lair:1   | Entered Level 1 of the Lair of Beasts
 10273 | Lair:1   | Noticed a four-headed hydra
 10282 | Lair:1   | Slain by a four-headed hydra

Illustrated notes

Levels and vault maps discovered:
D:1:      dpeg_arrival_houses_and_road, layout_basic,
          shapermc_ecumenical_altar_acropolis, patterned_corridor
D:2:      layout_basic
D:3:      layout_basic, uniq_crazy_yiuf_cottage
D:4:      layout_loops_ring, biasface_ghost_orc_armoury, item_on_display_a
D:5:      layout_rooms, uniq_pikel
D:6:      layout_loops_ring, grunt_temple_overflow_octagram,
          minmay_temple_entry_hall, cheibrodos_sewer_entry_bend
D:7:      layout_gridville
D:8:      layout_basic, kennysheep_dice
D:9:      lemuel_ogre_cave, layout_basic, zombieorc2_lemuel, interstate_on_off
D:10:     layout_cave_pods, dpeg_oklobed_lair, serial_shops, nicolae_shop_trees
Lair:1:   minmay_lair_oklob_chamber, layout_gridlike,
          hangedman_lair_generics_rect, grunt_megastairs_4, uniq_nergalle

Skill      XL: |  1  2  3  4  5  6  7  8  9 10 11 |
---------------+----------------------------------+-----
Conjurations   | 2 3 4 5 6 7 9 10 | 10.2
Dodging        | 3 4 5 6 8 |  8.8
Stealth        | 3 4 5 6 8 |  8.8
Air Magic      | 5 6 7 8 10 | 10.9
Spellcasting   | 3 4 5 6 7 |  7.3
Shields        | 1 3 4 |  4.0

Action                   |  1- 3 |  4- 6 |  7- 9 | 10-12 || total
-------------------------+-------+-------+-------+-------++-------
Melee: Unarmed           |    42 |    29 |   286 |   159 ||   516
       Kick              |    13 |    12 |    88 |    81 ||   194
       Peck              |     6 |     4 |    62 |    42 ||   114
       Bite              |       |       |    17 |       ||    17
       Pseudopods        |       |       |    37 |    41 ||    78
 Cast: Shock             |    31 |    36 |    87 |    90 ||   244
       Static Discharge  |     3 |    13 |     7 |     6 ||    29
       Airstrike         |       |       |       |     8 ||     8
Invok: Oozemancy         |       |     3 |     3 |     5 ||    11
       Slimify           |       |       |     1 |       ||     1
Evoke: Wand              |       |       |       |     4 ||     4
  Use: Scroll            |       |     9 |       |     3 ||    12
       Potion            |       |       |     1 |       ||     1
 Stab: Sleeping          |     1 |     1 |     5 |       ||     7
Armor: Robe              |    14 |     5 |    83 |    41 ||   143
Dodge: Dodged            |    27 |    36 |   215 |   125 ||   403
Block: Buckler           |       |       |    86 |    54 ||   140

Table legend: (Time is in decaauts)
 A = Elapsed time spent in this place.
 B = Non-inter-level travel time spent in this place.
 C = Inter-level travel time spent in this place.
 D = Time resting spent in this place.
 E = Time spent auto-exploring this place.
 F = Levels seen in this place.
 G = Mean time per level.
                   A        B        C        D        E       F      G
               +--------+--------+--------+--------+--------+-----+--------+
         Total |   9862 |   9580 |    282 |   2107 |   5810 |  11 |  896.5 |
       Dungeon |   9854 |   9573 |    281 |   2107 |   5810 |  10 |  985.4 |
          Lair |      8 |      8 |      0 |      0 |      0 |   1 |    8.0 |
               +--------+--------+--------+--------+--------+-----+--------+

Top non-repeatable levels by time:
     D:9: 2748 daAuts
     D:3: 1235 daAuts
     D:1: 1093 daAuts
    D:10: 843 daAuts
     D:2: 811 daAuts
     D:6: 782 daAuts
     D:7: 654 daAuts
     D:4: 644 daAuts
     D:8: 548 daAuts
     D:5: 490 daAuts
  Lair:1: 8 daAuts
